[Event "Julius Baer Generation Cup Prelims 2022"]
[Site "Online"]
[Date "2022.09.14"]
[Round "12.7"]
[White "Yoo, Christopher Woojin"]
[Black "Erigaisi Arjun"]
[Result "0-1"]
[ECO "E36"]
[WhiteElo "2563"]
[BlackElo "2725"]
[Annotator "TA"]
[PlyCount "84"]
[EventDate "2022.09.12"]
[EventType "tourn"]
[EventCountry "NET"]
[SourceTitle "playchess.com"]
[Source "ChessBase"]
[SourceQuality "1"]
[TimeControl "900+10"]

1. d4 Nf6 2. c4 e6 3. Nc3 Bb4 4. Qc2 d5 5. a3 Bxc3+ 6. Qxc3 O-O 7. Nf3 dxc4 8. Qxc4 b6 {[%emt 0:00:01] BESTDEEP} 9. h4 {[%emt 0:00:05] CPLX 2.1 29 (Qc4-a4) (=29). E36: Nimzo-Indian: Classical: 4...d5 5 a3.} Ba6 {[%emt 0:00:03] CPLX 2.2 12 (Bc8-b7) (=6)} 10. Qc2 {[%emt 0:00:01] BESTDEEP} c5 {[%emt 0:00:06] CPLX 2.4 4 (Ba6-b7) (=5)} 11. dxc5 {[%emt 0:00:05][%cal Bd4c5,Bc5c6][%mdl 32] BESTDEEP. The position is equal.} Nbd7 {[%emt 0:00:01] BESTDEEP} 12. c6 {[%emt 0:00:16] CPLX 2.6} Rc8 $1 {[%emt 0:00:01] [#] DEEPSTRONG} 13. Bf4 $146 {[%emt 0:00:07] aiming for Rd1. CPLX 3.0 28 (b2-b4) (=11)} ({Predecessor:} 13. Bg5 Bb7 14. Nd4 Ne5 15. Rd1 Qe7 16. Rh3 Nxc6 17. Nxc6 Rxc6 18. Qa4 h6 19. Bxf6 Qxf6 20. Qxa7 {1-0 (57) Nakamura,H (2750)-Oparin,G (2674) Berlin 2022}) 13... Bb7 $1 {[%emt 0:01:03] DEEPSTRONG} 14. c7 {[%emt 0:00:07] CPLX 3.6} Qe7 {[%emt 0:00:03] CPLX 3.7} 15. e3 {[%emt 0:00:07] CPLX 3.4} Nd5 {[%emt 0:01:33] CPLX 3.6 24 (e6-e5) (=5)} 16. Bg3 {[%emt 0:02:56] [#] CPLX 3.9 30 (Bf4-h2) (=11)} ({But not} 16. Ng5 g6 17. Bg3 e5 $17) 16... Nxc7 $1 {[%emt 0:00:05] CPLX 3.6 34 (e6-e5) (=8)} 17. Be2 {[%emt 0:03:09] CPLX 2.9 36 (Ra1-d1) (=14)} (17. Rd1 Nd5) 17... Nd5 {[%emt 0:00:38][%cal Bc7d5,Bd5f6,Bf6e4][%mdl 32] CPLX 2.9} 18. Qb1 {[%emt 0:00:43] [#] Black continues to play with concentration. CPLX 3.0 91 (Qc2-d1) (=21)} (18. Qd1 $1 $15) 18... Nc5 $1 $17 {[%emt 0:00:01] Black is more active. DEEPSTRONG=>BLUNDERREACT} 19. O-O {[%emt 0:00:13] [#] CPLX 2.7 11 (Qb1-a2) (=20)} Nb3 $1 {[%emt 0:00:03] DEEPSTRONG} 20. Ra2 {[%emt 0:00:02] CPLX 3.0 90 (e3-e4) (=26)} (20. e4 $17 {keeps fighting.} Nf6 21. Qd3 Nxa1 22. Bd6) 20... Rfd8 {[%emt 0:00:00] CPLX 2.8 55 (Nd5-f6) (=10)} 21. h5 {[%emt 0:02:30] CPLX 2.8 145 (Qb1-e1) (=35)} (21. Qe1 {is a better defense.}) 21... Nf6 $19 {[%emt 0:01:12] EASY} 22. h6 {[%emt 0:01:16] CPLX 2.8 74 (Qb1-e1) (=38)} Ne4 {[%emt 0:00:04] BESTDEEP} 23. Bh4 {[%emt 0:01:51] CPLX 3.3 232 (Qb1-e1) (=51)} (23. Qe1 $142 Rc2 24. Bh4) 23... g5 {[%emt 0:00:02] CPLX 3.9=>BLUNDERREACT} 24. Bg3 {[%emt 0:00:54] CPLX 3.3} Nxg3 {[%emt 0:01:08] CPLX 3.2} 25. fxg3 {[%emt 0:00:02] RECAPT} Qc5 {[%emt 0:02:18] CPLX 3.5 107 (g5-g4) (=13)} 26. Qe1 {[%emt 0:00:42] CPLX 4.1 165 (Nf3-d4) (=52)} Qxe3+ {[%emt 0:00:04] CPLX 3.6 99 (Nb3-c1) (=18)} 27. Qf2 {[%emt 0:00:04] EASY} Qxf2+ {[%emt 0:00:02] EASY} 28. Rxf2 {[%emt 0:00:01] RECAPT 3 (Kg1xf2) (=47)} Rc1+ {[%emt 0:01:06] CPLX 2.4} 29. Kh2 {[%emt 0:00:11] CPLX 2.3 128 (Rf2-f1) (=51)} g4 {[%emt 0:00:03] BESTDEEP} 30. Ng1 {[%emt 0:02:05] CPLX 2.7 400 (a3-a4) (=66)} f5 {[%emt 0:00:25] CPLX 2.5 32 (Rd8-d2) (=16)} 31. a4 {[%emt 0:00:12] CPLX 2.5} Rd2 {[%emt 0:00:09] Hoping for ...Nd4. CPLX 2.6} 32. a5 {[%emt 0:01:05] CPLX 2.9 186 (Ra2-a3) (=69)} b5 {[%emt 0:00:02][%cal Bb6b5,Bb5b4][%mdl 32] CPLX 3.4} 33. Ra3 {[%emt 0:01:02] CPLX 2.9 73 (Rf2-f4) (=69)} Rxb2 {[%emt 0:00:11] ...b4 is the strong threat. CPLX 3.3} 34. Rf4 {[%emt 0:00:01] CPLX 3.4 400 (Rf2-f1) (=82)} Rbb1 {[%emt 0:00:38] BESTDEEP} 35. Rf1 {[%emt 0:00:19] CPLX 3.4 400 (Be2-d3) (=93)} Rxf1 {[%emt 0:00:15] CPLX 3.0} 36. Bxf1 {[%emt 0:00:00] RECAPT} b4 {[%emt 0:00:02] CPLX 2.8} 37. Ra4 {[%emt 0:00:28] MISSDEEP-Ra3-a2 400 (Ra3-a2) (=101)} Nc5 {[%emt 0:00:30] CPLX 2.8} 38. a6 {[%emt 0:00:06] CPLX 3.0} Bxg2 {[%emt 0:00:03] CPLX 3.3 204 (Bb7-e4) (=18)} 39. Ra5 {[%emt 0:00:05] RELBLUND 400 (Ra4xb4) (=107)} Bxf1 {[%emt 0:00:01] CPLX 3.3. Black mates.} 40. Rxc5 {[%emt 0:00:01] EASY} Rb2+ {[%emt 0:00:01] CPLX 2.3} 41. Kh1 {[%emt 0:00:01] RELBLUND 2 (Ng1-e2) (=101)} Bg2+ {[%emt 0:00:02] EASY} 42. Kh2 {[%emt 0:00:07] LEGAL} Bd5+ {[%emt 0:00:20] Weighted Error Value: White=1.18/Black=0.17 (very precise)} 0-1

[Event "Julius Baer Generation Cup Prelims 2022"]
[Site "Online"]
[Date "2022.09.14"]
[Round "13.1"]
[White "Keymer, Vincent"]
[Black "Giri, Anish"]
[Result "1/2-1/2"]
[ECO "D33"]
[WhiteElo "2693"]
[BlackElo "2764"]
[Annotator "TA"]
[PlyCount "85"]
[EventDate "2022.09.12"]
[EventType "tourn"]
[EventCountry "NET"]
[SourceTitle "playchess.com"]
[Source "ChessBase"]
[SourceQuality "1"]
[TimeControl "900+10"]

1. c4 c5 2. Nf3 Nf6 3. Nc3 e6 4. g3 d5 5. cxd5 exd5 6. d4 Nc6 7. a3 {[%emt 0:00:12] D33: Tarrasch Defence: 6 g3 sidelines.} cxd4 8. Nxd4 Bc5 {[%emt 0:00:00] 8...Be7 is not played anymore.} 9. Be3 {[%emt 0:00:31] [#] Hoping for Nxc6.} Bb6 (9... Qb6 10. Na4 Qa5+ 11. Bd2 $16 (11. b4 Nxb4 12. axb4 Bxb4+ 13. Bd2 Ne4 $18)) 10. Bg2 O-O 11. O-O Re8 12. Na4 (12. Qd2 {keeps more tension.} Bg4 13. Rfd1 Nxd4 14. Bxd4 Bxd4 15. Qxd4 Bxe2 16. Re1) 12... Bxd4 13. Bxd4 Nxd4 14. Qxd4 Rxe2 15. Nc3 Rxb2 16. Nxd5 {[%emt 0:00:42] [#]} Rb5 $146 ({Predecessor:} 16... Rb6 17. Rad1 Nxd5 18. Bxd5 Qf8 19. Rfe1 Be6 20. Bxe6 Rxe6 21. Rxe6 fxe6 22. Qd7 Re8 23. Qxb7 Qxa3 24. Rd7 Qa1+ 25. Kg2 Qf6 26. Qxa7 Rf8 {½-½ (26) Korobov,A (2671)-Anand,V (2751) Warsaw 2022}) 17. Rfd1 Be6 18. Nxf6+ Qxf6 19. Qxf6 gxf6 20. Rab1 Ra5 21. Rxb7 Rc8 22. h4 Rxa3 23. Rd4 (23. Rbb1 $142) 23... Kg7 (23... Ra1+ $17 24. Kh2 Rc2) 24. Rd6 {[%emt 0:00:57] And now Rxe6 would win.} Rc1+ 25. Kh2 {[%emt 0:00:02] [#] Strongly threatening Rxe6.} Re1 ({Black should try} 25... Bc8 $1 $17 26. Re7 Ra2) 26. Bd5 $11 {[%emt 0:01:38] The position is equal.} Bxd5 27. Rxd5 {[%emt 0:00:00][%mdl 4096] Endgame KRR-KRR} Ra2 28. Kg2 Ree2 29. Rf5 Kg6 30. Rf4 h5 31. Rc7 Rec2 32. Rxc2 Rxc2 {[%emt 0:00:00] KR-KR} 33. Ra4 Rc7 34. Kf3 f5 35. Ra6+ f6 36. Ra5 Re7 37. Kf4 Rb7 38. Kf3 Rd7 39. Ke3 Re7+ 40. Kf4 Rb7 41. Kf3 Rd7 42. Ke3 Re7+ 43. Kf4 {[%emt 0:00:02] Weighted Error Value: White=0.08 (flawless) /Black=0.07 (flawless)} 1/2-1/2

[Event "Julius Baer Generation Cup Prelims 2022"]
[Site "Online"]
[Date "2022.09.14"]
[Round "13.2"]
[White "Erigaisi Arjun"]
[Black "Wojtaszek, Radoslaw"]
[Result "1/2-1/2"]
[ECO "D00"]
[WhiteElo "2725"]
[BlackElo "2696"]
[Annotator "TA"]
[PlyCount "77"]
[EventDate "2022.09.12"]
[EventType "tourn"]
[EventCountry "NET"]
[SourceTitle "playchess.com"]
[Source "ChessBase"]
[SourceQuality "1"]
[TimeControl "900+10"]

1. d4 Nf6 2. Bg5 d5 3. e3 c5 4. Bxf6 gxf6 5. dxc5 e6 6. Nf3 {[%emt 0:00:05] D00: 1 d4 d5: Unusual lines.} Bxc5 7. Be2 Nc6 8. O-O f5 9. c4 d4 10. b4 Bxb4 11. exd4 {[%emt 0:00:02] [#] And now d5 would win.} O-O 12. Qb3 {[%emt 0:01:14] [#] d5 is the strong threat.} Bd6 $146 (12... Nxd4 $2 13. Nxd4 Bd6 14. Nc3 $18) (12... Qf6 {with more complications.} 13. d5 Qxa1 14. dxc6 a5) ({Predecessor:} 12... Be7 13. d5 exd5 14. cxd5 Na5 15. Qc2 Qxd5 16. Nc3 Qc5 17. Rac1 Rd8 18. Qb1 Qb4 {0-1 (44) Kaasen,T (2183)-Kozak,A (2505) Tornelo INT 2020}) 13. Rd1 (13. Na3 {seems wilder.} Bxa3 14. Qxa3 Nxd4 15. Nxd4 Qxd4 16. Rfd1) 13... Qf6 14. Nc3 (14. c5 $1 $14 Bc7 15. Nc3) 14... b6 15. Nb5 Rd8 16. Nxd6 Rxd6 17. d5 ({White should try} 17. Rac1 $16) 17... Na5 18. Qe3 exd5 19. Qf4 Bd7 20. Rac1 Re8 21. c5 (21. Bf1 $14) 21... bxc5 $11 22. Rxc5 Rxe2 23. Rxa5 d4 24. Rxa7 ({Avoid the trap} 24. Nxd4 $2 {[#]} Rxd4 $1 25. Qg3+ Kh8 $19) 24... d3 25. h3 Bc6 26. Ra6 Re4 27. Qg3+ {[%emt 0:00:35] The position is equal.} Qg6 28. Qxg6+ hxg6 29. Ne1 d2 30. Nf3 Re2 {[%emt 0:00:01][%cal Oc6f3] Strongly threatening ...Bxf3!} 31. Rxd2 Rexd2 32. Nxd2 Rxd2 33. Rxc6 Rxa2 {[%emt 0:00:00][%mdl 4096] Endgame KR-KR} 34. Rc8+ Kg7 35. h4 Ra1+ 36. Kh2 Ra2 37. Kg1 Ra1+ 38. Kh2 Ra2 39. Kg1 {[%emt 0:00:01] Weighted Error Value: White=0.10 (very precise) /Black=0.09 (flawless)} 1/2-1/2

[Event "Julius Baer Generation Cup Prelims 2022"]
[Site "Online"]
[Date "2022.09.14"]
[Round "13.3"]
[White "Carlsen, Magnus"]
[Black "Yoo, Christopher Woojin"]
[Result "1-0"]
[ECO "E27"]
[WhiteElo "2861"]
[BlackElo "2563"]
[Annotator "TA"]
[PlyCount "95"]
[EventDate "2022.09.12"]
[EventType "tourn"]
[EventCountry "NET"]
[SourceTitle "playchess.com"]
[Source "ChessBase"]
[SourceQuality "1"]
[TimeControl "900+10"]

1. d4 Nf6 2. c4 e6 3. Nc3 Bb4 4. a3 Bxc3+ 5. bxc3 O-O 6. f3 Nh5 {[%emt 0:00:38] Strongly threatening ...Qh4+. E27: Nimzo-Indian: Sämisch: 5...0-0 6 f3.} 7. Nh3 f5 8. Bg5 (8. e4 $14 {is superior.}) 8... Qe8 $11 {[%emt 0:00:03] The position is equal.} 9. g4 Nf6 10. gxf5 exf5 11. Rg1 {[%emt 0:00:34] [#]} d6 $146 ({Predecessor:} 11... Kh8 12. Nf4 d6 13. Qd3 Nc6 14. e3 Nd8 15. Ra2 Nh5 16. Nxh5 Qxh5 17. Rag2 Ne6 {½-½ (56) Belous,V (2553)-Reshetnikov,A (2508) Moscow 2013}) 12. Nf4 Nc6 (12... Qe3 13. Rg2 Qxc3+ 14. Kf2 $14) 13. Kf2 {[%emt 0:02:16] Prevents Qe3+.} Nh5 (13... Ne7 $15) 14. c5 (14. Nd5 $1 $14 Qf7 15. f4) 14... dxc5 $15 15. e3 Kh8 16. Bc4 h6 17. Nxh5 {[%emt 0:03:50][%mdl 64] [#] Remove Defender} Qxh5 18. Bf4 g5 19. Bxc7 f4 20. exf4 {[%emt 0:01:06] Black must now prevent d5. Active counter play!} Qxh2+ 21. Rg2 {[%emt 0:00:06] The board is on fire.} Qh4+ 22. Kg1 {[%emt 0:00:08] [#] And now d5 would win.} Bh3 23. Rh2 $36 {[%emt 0:00:02][%mdl 2048] White has good play.} gxf4 24. Kh1 (24. Qe2 $5 Rae8 25. Qf2 $11) 24... Rac8 $2 (24... cxd4 $11 25. cxd4 (25. Bf1 Qe7 $15) 25... Rfc8 26. Be5+ (26. Bd6 Rd8 $15) 26... Nxe5) 25. Bd6 $18 {[%emt 0:00:29] A strong pair of Bishops.} Rf6 26. dxc5 (26. Bxc5 b6 $16) 26... Rg6 {[%emt 0:00:28] ( -> ...Bg2+)} 27. Qe2 Qg3 28. Re1 Rg5 29. Qf2 Qxf2 30. Rxf2 Bd7 31. Rh2 (31. Bxf4 $18 Rh5+ 32. Rh2 Rxh2+ 33. Kxh2) 31... h5 $2 {[%emt 0:00:01] This move loses the game for Black.} (31... Re8 $1 $14 32. Rxe8+ (32. Rxh6+ Kg7 $16) 32... Bxe8) 32. Rg1 Rxg1+ 33. Kxg1 Be8 (33... Kg7 $142 34. Rxh5 (34. Bxf4 Rf8 $16) 34... Kg6) 34. Rg2 (34. Bxf4 $6 Rd8 35. Bd6 Kg7) 34... b6 35. Rg8+ (35. Bxf4 bxc5 36. Kf2 Bd7 $18) 35... Kh7 36. Rg5 (36. Bxf4 $6 Ne7 37. Rg5 Rxc5 38. Rxc5 bxc5 $16) 36... Bg6 37. Bb5 (37. Bxf4 Na5) 37... Na5 38. Re5 {[%emt 0:00:05] Threatens to win with Re7+.} (38. Bxf4 $6 Nb3 $16) (38. Bd7 Rd8 39. Ba4 Nc4 $16) 38... Nc6 {[%emt 0:00:14] Inhibits Re7+.} 39. Re6 bxc5 (39... Bf7 $142 40. Rf6 Kg7 41. Rxf4 bxc5 42. Bxc5 a5) 40. Bxf4 (40. Bxc5 $6 Nd8 41. Re7+ Kg8 $16) 40... Rg8 (40... Rf8 $142 41. Bd6 (41. Bxc6 Rxf4 42. Kf2 Kg7 $11) 41... Rc8) 41. Kf2 (41. Rxc6 Bd3+ 42. Kf2 Bxb5 43. Rh6+ (43. Rxc5 Be8 $16) 43... Kg7 $18) 41... Nd8 42. Rd6 Bf5 43. Bc4 {[%emt 0:00:38] Against Ne6} ({Don't do} 43. Rh6+ Kg7 44. Bc4 (44. Rxh5 Kf6 $18) 44... Re8 45. Rxh5 Kf6 46. Rh6+ Bg6) 43... Rh8 (43... Re8 {might work better.} 44. Ra6 Re7 45. Rh6+ Kg7 46. Rxh5 Kg6) 44. Bg5 Nb7 45. Rf6 Bc8 (45... Na5 $142 46. Bd5 (46. Rxf5 Nxc4 47. Rxc5 Kg6 $18) 46... Bd3 47. Rh6+ Kg7) 46. f4 {[%emt 0:00:49] aiming for Rh6+.} Kg7 {[%emt 0:00:13] Against Rh6} (46... Na5 $142 47. Bd5 Rg8 48. Rh6+ Kg7 49. Bxg8 Kxg8 50. Rxh5 Nb3) 47. f5 (47. Rc6 $142) 47... h4 (47... Bxf5 $18 48. Rxf5 Nd6) 48. Rf7+ {[%emt 0:00:05] Weighted Error Value: White=0.27 (precise) /Black=0.46} 1-0

[Event "Julius Baer Generation Cup Prelims 2022"]
[Site "Online"]
[Date "2022.09.14"]
[Round "13.4"]
[White "Adhiban, B.."]
[Black "Gelfand, Boris"]
[Result "1/2-1/2"]
[ECO "A01"]
[WhiteElo "2603"]
[BlackElo "2668"]
[Annotator "TA"]
[PlyCount "140"]
[EventDate "2022.09.12"]
[EventType "tourn"]
[EventCountry "NET"]
[SourceTitle "playchess.com"]
[Source "ChessBase"]
[SourceQuality "1"]
[TimeControl "900+10"]

1. b3 e5 2. Bb2 Nc6 3. e3 g6 4. Nf3 Bg7 5. c4 d6 6. Be2 {[%emt 0:00:56] A01: Nimzowitsch-Larsen Opening.} Nf6 {[%emt 0:00:12] has lost popularity (6...f5).} 7. d3 O-O 8. Nc3 d5 9. cxd5 Nxd5 10. Nxd5 Qxd5 11. O-O Rd8 {[%emt 0:01:41] [#]} 12. a3 $146 ({Predecessor:} 12. Qc2 b6 13. a3 Bb7 14. Rfd1 Rac8 15. Ne1 Qe6 16. Bf3 Na5 17. b4 Bxf3 18. Nxf3 {½-½ (54) Nihal,S (2656)-Klimkowski,J (2350) Cannes 2022}) 12... a5 13. Qc2 Be6 14. Nd2 f5 15. Rac1 e4 16. d4 Qd7 17. f3 {[%emt 0:00:50] [#]} (17. Bc4 $11 {remains equal.}) 17... exf3 (17... Nxd4 $1 $17 18. exd4 (18. Bxd4 Bxd4) 18... Bxd4+ 19. Bxd4 Qxd4+ 20. Kh1 Qxd2) 18. Bxf3 Bd5 19. Kh1 Bxf3 20. Nxf3 Qd5 21. g4 (21. Kg1 $11) 21... fxg4 22. e4 Qh5 23. d5 {[%emt 0:00:24] And now Bxg7 would win.} Bxb2 (23... gxf3 $6 24. Bxg7 Kxg7 25. dxc6 $15) 24. dxc6 b6 ({But not} 24... gxf3 $6 25. cxb7 Rab8 26. Qxb2 Rxb7 27. Qc3 $15) (24... Bxa3 $2 25. Qc4+ Kh8 26. cxb7 Bxc1 27. bxa8=R Rxa8 28. Rxc1 $18) 25. Qxb2 {[%emt 0:01:15] Ne5 is the strong threat.} gxf3 26. Qc3 {[%emt 0:00:04] Prevents Rd3.} Rf8 27. Rcd1 (27. Qc4+ $17 Kg7 28. Qc3+ Kh6 29. Rcd1) 27... Rf7 28. Qc4 Raf8 29. Rd3 {[%emt 0:00:10] [#]} Qc5 $2 ({Better is} 29... Kg7 $1 $19 {White must now prevent ...Kh6.} 30. Qc3+ Kh6) 30. Qxc5 $15 bxc5 {[%emt 0:00:01][%mdl 4096] Endgame KRR-KRR} 31. Rd7 Rb8 32. e5 Re8 33. Rd5 c4 34. bxc4 a4 35. Kg1 Re6 36. Ra5 Rf4 37. Rxa4 Rxe5 38. Ra7 Rf7 39. Kf2 ({White should try} 39. Rb7 $15) 39... Re2+ $17 40. Kg3 Rg2+ 41. Kh3 Rg5 (41... Rc2 $17 {Hoping for ...Kg7.} 42. Ra8+ Kg7) 42. Rb7 $2 (42. Ra8+ $15 Kg7 43. Rd8) 42... Rc5 $2 (42... f2 {mates} 43. Rxf2 Rxf2 44. Rb8+ Kg7 45. Rb3 Rg1 46. Rg3 Rxg3+ 47. Kxg3 Rc2 48. c5 Rxc5 49. Kf3 Rxc6 50. Ke4 Ra6 51. a4 Rxa4+ 52. Kd5 Rh4 53. h3 Rxh3 54. Kc6 h5 55. Kxc7 g5 56. Kc6 g4 57. Kd6 g3 58. Ke5 g2 59. Ke4 g1=Q 60. Kd5 Kf6 61. Kc6 Qc1+ 62. Kd7 Rd3+ 63. Ke8 Qc8#) 43. Rb3 f2 44. Kg2 Rg5+ 45. Rg3 {[%emt 0:00:04] The position is equal.} Rc5 46. Rxf2 Rxc4 47. Rxf7 Kxf7 $11 {[%emt 0:00:02] KR-KR} 48. Rd3 Rxc6 49. Rd7+ Ke6 50. Rxh7 Rc3 51. a4 c5 52. a5 Ra3 53. Rg7 Kf5 54. Ra7 Kg4 55. a6 Ra2+ 56. Kf1 Rxh2 57. Rc7 Ra2 (57... Kf3 {looks sharper.} 58. Kg1 Ra2 59. a7 Ra1+) 58. Rxc5 (58. a7 {with more complications.} g5 59. Rxc5 Rxa7 60. Rc4+) 58... Rxa6 59. Rc3 g5 60. Kg1 Ra2 61. Rb3 Kf4 62. Rc3 Re2 63. Rb3 Re3 64. Rxe3 Kxe3 {[%emt 0:00:01] KP-K} 65. Kg2 Kf4 (65... g4 $5) 66. Kf2 g4 67. Kg2 g3 (67... Ke3 $5) 68. Kg1 Kf3 {[%emt 0:00:03] ( -> ...g2)} (68... Ke3 $5) 69. Kf1 g2+ 70. Kg1 Kg3 {[%emt 0:00:01] Weighted Error Value: White=0.27 (precise) /Black=0.19 (very precise)} 1/2-1/2

[Event "Julius Baer Generation Cup Prelims 2022"]
[Site "Online"]
[Date "2022.09.14"]
[Round "13.5"]
[White "Le, Quang Liem"]
[Black "Duda, Jan-Krzysztof"]
[Result "1/2-1/2"]
[ECO "D37"]
[WhiteElo "2728"]
[BlackElo "2731"]
[Annotator "TA"]
[PlyCount "68"]
[EventDate "2022.09.12"]
[EventType "tourn"]
[EventCountry "NET"]
[SourceTitle "playchess.com"]
[Source "ChessBase"]
[SourceQuality "1"]
[TimeControl "900+10"]

1. d4 Nf6 2. c4 e6 3. Nf3 d5 4. Nc3 Be7 5. Bf4 O-O 6. e3 b6 7. Bd3 dxc4 {[%emt 0:00:04] D37: Queen's Gambit Declined: 5 Bf4.} 8. Bxc4 Ba6 9. Qe2 Bxc4 10. Qxc4 c5 11. dxc5 Bxc5 12. O-O Nbd7 13. Rfd1 Qc8 {[%emt 0:00:30] The position is equal.} 14. Ne5 Nxe5 15. Bxe5 Be7 16. Qa4 {[%emt 0:00:48] [#]} a6 $146 ({Predecessor:} 16... Qb7 17. Rd2 Rfd8 18. Rad1 h6 19. Bxf6 Rxd2 20. Rxd2 Bxf6 21. Ne4 Be5 22. Rd7 Qc8 {½-½ (33) Kempinski,R (2597)-Fridman,D (2645) Warsaw 2010}) 17. Ne4 b5 18. Nxf6+ Bxf6 19. Qf4 Bxe5 20. Qxe5 Rd8 21. Qe4 Ra7 22. Rac1 Rad7 23. Qb1 $1 Rxd1+ 24. Rxd1 $11 {[%emt 0:00:00][%mdl 4096] Endgame KQR-KQR} g6 25. g3 a5 26. a3 b4 27. axb4 axb4 28. Rxd8+ Qxd8 {[%emt 0:00:00] KQ-KQ} 29. Qe4 Qd2 30. Qe5 Qc1+ 31. Kg2 Qc6+ 32. Kg1 Qc1+ 33. Kg2 Qc6+ 34. Kg1 Qc1+ {[%emt 0:00:01] A balanced but interesting game.  Weighted Error Value: White=0.02 (flawless) /Black=0.01 (flawless)} 1/2-1/2

[Event "Julius Baer Generation Cup Prelims 2022"]
[Site "Online"]
[Date "2022.09.14"]
[Round "13.6"]
[White "Navara, David"]
[Black "Ivanchuk, Vasyl"]
[Result "1/2-1/2"]
[ECO "C09"]
[WhiteElo "2681"]
[BlackElo "2678"]
[Annotator "TA"]
[PlyCount "100"]
[EventDate "2022.09.12"]
[EventType "tourn"]
[EventCountry "NET"]
[SourceTitle "playchess.com"]
[Source "ChessBase"]
[SourceQuality "1"]
[TimeControl "900+10"]

1. e4 e6 2. d4 d5 3. Nd2 c5 4. Ngf3 Nc6 5. exd5 exd5 6. Bb5 Qe7+ 7. Be2 Qc7 {[%emt 0:00:01] C09: French Tarrasch: 3...c5 4 exd5 exd5 5 Ngf3 Nc6.} ({Don't do} 7... Nxd4 8. Nxd4 cxd4 9. O-O $16) 8. O-O Nf6 9. dxc5 Bxc5 10. Nb3 Be7 11. Bg5 h6 12. Bh4 O-O 13. Re1 Rd8 14. c3 {[%emt 0:01:58] [#]} Bf5 $146 ({Predecessor:} 14... g5 15. Bg3 Qb6 16. Bd3 Ne4 17. Qe2 Bf5 18. Nfd4 Nxd4 19. Nxd4 Bg6 20. f3 Nxg3 21. hxg3 Bxd3 22. Qxd3 {½-½ (28) Legrand,M (2070)-Tieken,F (2128) ICCF email 2015}) 15. Nfd4 Be4 16. f3 Bg6 17. Bd3 {[%emt 0:00:06] aiming for Bxg6.} Ne5 {[%emt 0:00:21] [#]} (17... Nxd4 $14 18. Nxd4 Bc5) 18. Nb5 $1 $16 Qb6+ 19. Bf2 Qxf2+ 20. Kxf2 Nxd3+ 21. Kg1 Nxe1 22. Qxe1 Bf8 23. Qd2 a6 24. N5d4 Nd7 25. Na5 {[%emt 0:00:46] Pair of Knights!} (25. Ne2 $142) 25... Nb6 26. Re1 {[%emt 0:01:11] White is more active.} Nc4 27. Nxc4 dxc4 28. Qe2 Rac8 29. h4 b5 30. a3 Rd5 {[%emt 0:00:22] [#]} ({Black should play} 30... Bd6 $14) 31. Qf2 (31. f4 $1 $16) 31... Bc5 32. Kh1 a5 33. Qd2 b4 34. axb4 axb4 35. Rc1 Rcd8 36. Qe1 bxc3 37. bxc3 Bxd4 38. cxd4 Rxd4 39. Qe7 Rc8 40. Rc3 h5 41. Kh2 Kh7 42. Kg3 Rc6 43. Qb7 Rc5 44. Qb4 Rc8 45. Qb7 Rcd8 46. Qc7 {[%emt 0:00:28][%mdl 1024] White has compensation.} R8d7 47. Qc5 R7d5 48. Qc7 Rd7 {[%emt 0:00:06] The position is equal.} 49. Qc5 R7d5 50. Qc7 Rd7 {[%emt 0:00:02] Weighted Error Value: White=0.10 (very precise) /Black=0.10 (very precise)} 1/2-1/2

[Event "Julius Baer Generation Cup Prelims 2022"]
[Site "Online"]
[Date "2022.09.14"]
[Round "13.7"]
[White "Niemann, Hans Moke"]
[Black "Saric, Ivan"]
[Result "0-1"]
[ECO "E71"]
[WhiteElo "2688"]
[BlackElo "2668"]
[Annotator "TA"]
[PlyCount "98"]
[EventDate "2022.09.12"]
[EventType "tourn"]
[EventCountry "NET"]
[SourceTitle "playchess.com"]
[Source "ChessBase"]
[SourceQuality "1"]
[TimeControl "900+10"]

1. d4 Nf6 2. c4 g6 3. Nc3 Bg7 4. e4 d6 5. h3 e5 6. d5 {[%emt 0:00:05] E71: King's Indian: 4 e4 d6 5 h3.} a5 7. g4 Na6 8. Nge2 {[%emt 0:00:01] White is slightly better.} Nd7 (8... h5 $5 ) 9. Be3 Bf6 10. Qd2 h6 {[%emt 0:00:01] Prevents g5.} 11. O-O-O ({Don't blunder} 11. Bxh6 $2 g5 12. Bxg5 Bxg5 $19) 11... Bg5 12. f4 exf4 13. Nxf4 Ne5 14. Be2 {[%emt 0:00:26] [#]} Bd7 $146 ({Predecessor:} 14... Qe7 15. Nb5 b6 16. Rh2 Bd7 17. Rdh1 Bh4 18. Nd4 Nc5 19. Qc2 O-O-O 20. Kb1 Rde8 {0-1 (41) Batsiashvili,N (2447)-Praggnanandhaa,R (2586) Sitges 2019}) 15. Kb1 Qe7 16. Nb5 b6 17. Ka1 (17. Nc3 $11 {keeps the balance.}) 17... Bxb5 $17 18. cxb5 Nc5 19. Qc2 (19. Bxc5 $15 {deserves consideration.} bxc5 20. Rhf1) 19... O-O-O (19... Ned7 $17 20. Bf3 a4) 20. Bxc5 $15 dxc5 21. Nd3 Bf6 22. Rhf1 Rd6 23. Rf2 Nxd3 24. Bxd3 h5 25. Rdf1 hxg4 26. hxg4 Qe5 27. a3 Kb8 28. Ka2 Rh3 29. Bc4 Rg3 30. Be2 Re3 31. Bd3 Qd4 32. Rd1 c4 33. Bxc4 Qxe4 34. Qxe4 Rxe4 35. Be2 Be5 36. Bf3 Rf4 37. Re2 Bxb2 38. Kxb2 Rxf3 {[%emt 0:00:01][%mdl 4096] Endgame KRR-KRR} 39. Re8+ Kb7 {[%emt 0:00:01] White must now prevent ...a4.} 40. Re7 (40. a4 $17) 40... Kc8 $19 41. a4 (41. Rc1 $142) 41... Kd8 42. Re4 Rdf6 43. Rde1 Rf2+ 44. Kc3 R6f3+ 45. Kd4 Rd2+ 46. Kc4 $2 (46. Ke5 {was forced.} Kd7 47. Rc4) 46... Rc2+ 47. Kd4 Rd2+ (47... Ra2 $142 {...Kd7 is the strong threat.} 48. d6 Rxa4+ 49. Ke5 Rxe4+ 50. Kxe4 Rb3) 48. Kc4 Ra2 {[%emt 0:00:01][%cal Ra2a4] [#]} 49. d6 Rxa4+ {[%emt 0:00:06] Weighted Error Value: White=0.22 (precise) /Black=0.22 (precise)} 0-1